 Dungeon Crawl Stone Soup version 0.31.0-32-g396128a36d (webtiles) character file.

Game seed: 16589382016934314326

60 Doomgape the Trooper (level 4, -1/29 HPs)
             Began as a Gargoyle Fighter on Mar 23, 2024.
             Slain by an iron imp (4 damage)
             ... on level 3 of the Dungeon.
             The game lasted 00:02:37 (1691 turns).

Doomgape the Trooper (Gargoyle Fighter)             Turns: 1691, Time: 00:02:38

Health: -1/29      AC: 10    Str: 22    XL:     4   Next: 4%
Magic:  4/4        EV:  9    Int:  8    God:
Gold:   139        SH:  4    Dex:  9    Spells: 3/3 levels left

rFire   . . .        a - +0 flail
rCold   . . .        c - +0 buckler
rNeg    + . .        b - +0 scale mail
rPois   ∞            (no helmet)
rElec   +            (no cloak)
rCorr   .            (no gloves)
SInv    .            (no boots)
Will    .....        (no amulet) Stlth
                     (no ring)
HPRegen 0.24/turn    (no ring)
MPRegen 0.09/turn

%: no passive effects
@: no status effects
A: sickness immunity, AC +3, negative energy resistance 1, electricity
resistance, torment resistance 1, petrification resistance
a: no special abilities


You were on level 3 of the Dungeon.
You visited 1 branch of the dungeon, and saw 3 of its levels.

You collected 139 gold pieces.

Inventory:

Hand Weapons
 a - a +0 flail (weapon)
Armour
 b - a +0 scale mail (worn)
 c - a +0 buckler (worn)
Scrolls
 g - a scroll of identify
 j - a scroll of poison {unknown}
 k - a scroll of enchant weapon {unknown}
 m - a scroll of teleportation
Potions
 d - a potion of might
 e - a potion of magic {unknown}
 f - a potion of invisibility {unknown}
 h - 2 potions of ambrosia
 i - 3 potions of curing {unknown}
 l - a potion of brilliance {unknown}


   Skills:
 + Level 4.1 Fighting
 + Level 2.8 Maces & Flails
 + Level 4.0 Armour
 - Level 3.2 Shields


You had 3 spell levels left.
You didn't know any spells.
Your spell library contained the following spells:

 Spells                   Type           Power      Damage    Failure   Level
 Apportation              Tloc           0%         N/A       80%         1
 Magic Dart               Conj           0%         1d3       80%         1
 Jinxbite                 Hex            0%         N/A       90%         2
 Ignite Poison            Fire/Alch      0%         N/A       100%        4
 Sticky Flame             Fire/Alch      0%         2d4       100%        4
 Alistair's Intoxication  Alch           0%         N/A       100%        5
 Ignition                 Fire           0%         3d3       100%        8


Dungeon Overview and Level Annotations

Branches:
Dungeon (3/15)

Altars:
Makhleb


Innate Abilities, Weirdness & Mutations

You are immune to sickness and miasma.
Your stone body is resilient. (AC +3)
You are immune to poison.
You resist negative energy. (rN+)
You are resistant to electric shocks. (rElec)
You are resistant to unholy torment.
You are immune to petrification.


Message History

No reachable target in view!
An iron imp is nearby!
An iron imp is nearby! 2 iron imps come into view.
Found a burning altar of Makhleb.
The iron imp shouts, "Escape, thou artless elf-skinned wastrel!"
You see here an Everburning Encyclopedia.
You pick up an Everburning Encyclopedia and begin reading...
You add the spells Ignite Poison, Sticky Flame and Ignition to your library.
No reachable target in view!
The iron imp hits you.
You sock the iron imp!
The iron imp is heavily wounded.
You hit the iron imp.
The iron imp is severely wounded.
The iron imp hits you but does no damage.
You hit the iron imp but do no damage.
The iron imp is severely wounded.
The iron imp hits you! The iron imp hits you.
You hit the iron imp.
The iron imp is almost dead.
You block the iron imp's attack. The iron imp barely misses you.
You hit the iron imp.
The iron imp is almost dead.
The iron imp hits you but does no damage.
The iron imp barely misses you. x2
You barely miss the iron imp.
The iron imp is almost dead.
The iron imp hits you! The iron imp hits you.
* * * LOW HITPOINT WARNING * * *
You are too injured to fight recklessly!
You hit the iron imp but do no damage.
The iron imp is almost dead.
You block the iron imp's attack. The iron imp hits you.
* * * LOW HITPOINT WARNING * * *
Unknown command.
You completely miss the iron imp.
The iron imp is almost dead.
The iron imp hits you.
You die...

###### ######....#
######......####
#####......##..##
##.....##......######
#..###....######>....
#########.#########.....
.....55@#.........#.....
.....≈§5#########.......
._...≈≈.# ###..... .....≈≈.##
#..... #.§≈§.§§§.≈≈..#.
####..... .#.§.§§§§§§§...#.##
###....####
##.#..§.≈§8§§§...#..###...####
...#......≈......##.#...### .#
#.............##...###


You could see 3 iron imps.

Vanquished Creatures
  An adder (D:3)
  2 dart slugs (D:1)
  A ribbon worm (D:2)
  2 ball pythons
  3 bats (D:1)
  5 endoplasms
  2 giant cockroaches (D:1)
  2 goblins
  5 hobgoblins
  3 jackals (D:3)
  6 kobolds
  2 quokkas
  2 frilled lizards
  3 rats
39 creatures vanquished.

Notes
Turn   | Place    | Note
-------+----------+-------------------------------------------
     0 | D:1      | Doomgape the Gargoyle Fighter began the quest for the Orb.
     0 | D:1      | Reached XP level 1. HP: 14/14 MP: 1/1
    78 | D:1      | Reached XP level 2. HP: 19/19 MP: 2/2
   608 | D:1      | Found a faded altar of an unknown god.
   612 | D:1      | Got Plato's Secrets of Injury
   729 | D:2      | Reached XP level 3. HP: 24/24 MP: 3/3
  1482 | D:3      | Reached XP level 4. HP: 27/29 MP: 4/4
  1673 | D:3      | Found a burning altar of Makhleb.
  1691 | D:3      | Slain by an iron imp

Illustrated notes

Levels and vault maps discovered:
D:1:      elethiomel_arrival_quiet, layout_loops_ring,
          shapermc_ecumenical_altar_rom_forum
D:2:      cheibrodos_old_hovel, layout_loops_cross
D:3:      layout_rooms, demons_altar

Skill      XL: |  1  2  3 |
---------------+----------+-----
Fighting       | 4 |  4.1
Armour         | 4 |  4.0
Maces & Flails | |  2.8
Shields        | |  3.2

Action                     |  1- 3 |  4- 6 || total
---------------------------+-------+-------++-------
  Melee: Flail             |   124 |    14 ||   138
    Use: Scroll            |     2 |       ||     2
 Armour: Scale mail        |    81 |    11 ||    92
  Dodge: Dodged            |    57 |     6 ||    63
  Block: Buckler           |    30 |     2 ||    32
